 Dungeon Crawl Stone Soup version 0.31-a0-844-gdc52ec4e09 (webtiles) character file.

Game seed: 5285374662825284634

123 LeprechaunX the Changeling (level 5, -7/34 HPs)
             Began as an Octopode Shapeshifter on Sept 28, 2023.
             Mangled by a gnoll
             ... wielding a +0 spear
              (8 damage)
             ... on level 2 of the Dungeon.
             The game lasted 00:01:19 (1107 turns).

LeprechaunX the Changeling (Octopode Shapeshifter)  Turns: 1107, Time: 00:01:20

Health: -7/34      AC:  1    Str: 15    XL:     5   Next: 7%
Magic:  5/5        EV: 13    Int: 12    God:
Gold:   85         SH:  0    Dex: 12    Spells: 4/4 levels left

rFire   . . .        j - +3 club (spect)
rCold   . . .        (no shield)
rNeg    . . .        (helmet currently unavailable)
rPois   .            (no amulet)
rElec   .            (no ring)
rCorr   .            (no ring)
SInv    .            (no ring)
Will    .....        (no ring)
Stlth   ++           (no ring)
HPRegen 0.25/turn    (no ring)
MPRegen 0.09/turn    (no ring)
                     (no ring)

%: no passive effects
@: beast-form
A: beast (slay +2), almost no armour, amphibious, 8 rings, camouflage 1,
gelatinous body 1, (nimble swimmer 1), tentacles
a: Begin Untransformation


You were on level 2 of the Dungeon.
You were a hulking beast.
You visited 1 branch of the dungeon, and saw 2 of its levels.

You collected 85 gold pieces.

Inventory:

Hand Weapons
 j - a +3 spectral club (weapon)
Talismans
 b - a beast talisman (active)
 c - a flux talisman
Scrolls
 d - 2 scrolls of teleportation {unknown}
 e - a scroll of identify {unknown}
 i - a scroll of fog {unknown}
Potions
 a - a potion of lignification
 f - a potion of attraction {unknown}
 g - 4 potions of curing {unknown}
 h - a potion of mutation {unknown}


   Skills:
 + Level 2.1 Fighting
 + Level 2.8 Dodging
 + Level 3.6 Unarmed Combat
 * Level 4.0 Shapeshifting


You had 4 spell levels left.
You didn't know any spells.
Your spell library was empty.

Dungeon Overview and Level Annotations

Branches:
Dungeon (2/15)

Altars:


Innate Abilities, Weirdness & Mutations

You are a hulking beast.
Your limbs bulge with bestial killing power. (Slay +2)
You cannot wear most types of armour.
You are amphibious.
You can wear up to eight rings at the same time.
Your skin changes colour to match your surroundings (Stealth+).
Your rubbery body absorbs attacks. (AC +1, EV +1)
((You are camouflaged when in or above water. (Stealth+)))
You have tentacles for arms and can constrict up to eight enemies at once.


Message History

No target in view!
No target in view!
No target in view!
No target in view!
Unknown command.
Things that are here:
a +3 spectral club; a +0 robe; the human corpse of Jessica
j - a +3 spectral club You feel a bond with your +3 spectral club.
j - a +3 spectral club (weapon)
A gnoll comes into view. It is wielding a +0 halberd.
Found 6 poisoned darts.
The gnoll shouts!
You hear a shout! x2; The goblin shouts!
A gnoll comes into view. It is wielding a +0 spear.
You hit the goblin.
You kill the goblin!
A gnoll comes into view. It is wielding a +0 flail.
The gnoll hits you with a +0 halberd!
A gnoll comes into view. It is wielding a +0 whip.
You closely miss the gnoll.
The gnoll shouts!
Your grab misses the gnoll. You tentacle-slap the gnoll.
The gnoll is moderately wounded.
Your +3 spectral club hits the gnoll.
The gnoll barely misses your +3 spectral club.
You hit the gnoll. You grab the gnoll.
The gnoll is severely wounded.
Your +3 spectral club hits the gnoll.
You kill the gnoll!
The gnoll hits you from afar with a +0 spear. x2
* * * LOW HITPOINT WARNING * * *
You have reached level 5!
You feel agile.
Your +3 spectral club disappears.
The gnoll attacks as it pursues you!
The gnoll hits you from afar with a +0 spear!
* * * LOW HITPOINT WARNING * * *
The gnoll attacks as it pursues you!
The gnoll hits you from afar with a +0 spear!
You die...

#.........# #.........#
#.........# #...g.....#
.. ##.......## .....
#..?).....# .....
#..gg.....#
......#######....)....#
..(.............h....(#
.............[........#
.............#.......##
...# #........<......#
...# #.......#..####.#
...###.......##.<.. ...
...|.#...†...#######
... ...#.#.......# ..
...#.........#


You could see 3 gnolls.

Vanquished Creatures
  Jessica (D:2)
  An iguana (D:2)
  A gnoll (D:2)
  An adder (D:2)
  A worm (D:2)
  5 ball pythons (D:1)
  6 endoplasms (D:1)
  7 giant cockroaches
  5 goblins
  3 hobgoblins
  2 kobolds (D:1)
  3 quokkas
  2 bats
  6 frilled lizards
  6 rats (D:1)
50 creatures vanquished.

Notes
Turn   | Place    | Note
-------+----------+-------------------------------------------
     0 | D:1      | LeprechaunX the Octopode Shapeshifter began the quest for
                  | the Orb.
     0 | D:1      | Reached XP level 1. HP: 13/13 MP: 1/1
   131 | D:1      | Reached XP level 2. HP: 18/18 MP: 2/2
   359 | D:1      | Reached XP level 3. HP: 23/23 MP: 3/3
   943 | D:2      | Reached XP level 4. HP: 22/29 MP: 4/4
  1062 | D:2      | Noticed Jessica
  1069 | D:2      | Killed Jessica
  1070 | D:2      | Reached skill level 4 in Shapeshifting
  1106 | D:2      | Reached XP level 5. HP: 9/34 MP: 5/5
  1106 | D:2      | HP: 1/34 [gnoll/+0 spear (8)]
  1107 | D:2      | Mangled by a gnoll

Illustrated notes

Levels and vault maps discovered:
D:1:      sevenhm_arrival_forest_fort_large_1, layout_loops_corners,
          minmay_worlds_worst_comb
D:2:      layout_rooms, chequers_serial_rivers_micro_c, uniq_jessica

Skill      XL: |  1  2  3  4 |
---------------+-------------+-----
Fighting       | 2 |  2.1
Shapeshifting  | 4 |  4.0
Dodging        | |  2.8
Unarmed Combat | |  3.6

Action                     |  1- 3 |  4- 6 || total
---------------------------+-------+-------++-------
  Melee: Unarmed           |    64 |    16 ||    80
         Constrict         |    15 |     8 ||    23
         Tentacles         |     8 |     4 ||    12
         Punch             |     2 |     2 ||     4
         Club              |       |     3 ||     3
   Stab: Sleeping          |    13 |     1 ||    14
 Armour: Skin              |    17 |    13 ||    30
  Dodge: Dodged            |    23 |     8 ||    31

Table legend: (Time is in decaauts)
 A = Elapsed time spent in this place.
 B = Non-inter-level travel time spent in this place.
 C = Inter-level travel time spent in this place.
 D = Time resting spent in this place.
 E = Time spent auto-exploring this place.
 F = Levels seen in this place.
 G = Mean time per level.
                   A        B        C        D        E       F      G
               +--------+--------+--------+--------+--------+-----+--------+
         Total |   1102 |   1086 |     16 |     42 |    791 |   2 |  551.0 |
       Dungeon |   1102 |   1086 |     16 |     42 |    791 |   2 |  551.0 |
               +--------+--------+--------+--------+--------+-----+--------+

Top non-repeatable levels by time:
     D:1: 932 daAuts
     D:2: 169 daAuts
